BSA
SO CAL HENVY @ MAUI TROPICS
09/06/2027
 
TOP OF THE 1ST
So Cal Henvy batting - Pitching for Maui Tropics : RHP Steve Floyd
Pitching: RHP Steve Floyd
Batting: RHB Greg Handrahan 0-0: Called Strike
0-1: Foul Ball, location: 2F
0-2: Foul Ball, location: 2F
0-2: Foul Ball, location: 2F
0-2: Ball
1-2: Ball
2-2: Ground out 5-3 (Groundball, 56)
Batting: SHB Miguel González 0-0: Ball
1-0: Called Strike
1-1: Foul Ball, location: 2F
1-2: Foul Ball, location: 2F
1-2: Foul Ball, location: 2F
1-2: SINGLE (Groundball, 6D)
Batting: LHB César Valentín 0-0: Ball
1-0: Called Strike
1-1: Fly out, F8 (Flyball, 8LM)
Batting: RHB Earl Wiggins 0-0: Called Strike
0-1: SINGLE (Line Drive, 8LS)
Miguel González to second
Batting: LHB José Antonio Santiago 0-0: Ball
1-0: Swinging Strike
1-1: Ball
2-1: Ball
3-1: Swinging Strike
3-2: Strikes out swinging
Top of the 1st over - 0 run(s), 2 hit(s), 0 error(s), 2 left on base; So Cal 0 - Maui 0
BOTTOM OF THE 1ST
Maui Tropics batting - Pitching for So Cal Henvy : RHP Marty Burgess
Pitching: RHP Marty Burgess
Batting: LHB Mario Olivares 0-0: Ground out 4-3 (Groundball, 4)
Batting: RHB Matt Silver 0-0: SINGLE (Flyball, 4D)
Batting: LHB Luis Antonio Torres 0-0: Fly out, F7 (Flyball, 78M)
Batting: RHB Luis Alou 0-0: Foul Ball, location: 2F
0-1: Called Strike
Matt Silver steals 2nd base
0-2: Ball
1-2: Foul Ball, location: 2F
1-2: Ground out 6-3 (Groundball, 6)
Bottom of the 1st over - 0 run(s), 1 hit(s), 0 error(s), 1 left on base; So Cal 0 - Maui 0
TOP OF THE 2ND
So Cal Henvy batting - Pitching for Maui Tropics : RHP Steve Floyd
Batting: RHB Rubén Calderón 0-0: DOUBLE (Line Drive, 7D)
Batting: RHB Lawrence Schroeder 0-0: Ball
1-0: Foul Ball, location: 2F
1-1: Ball
2-1: Swinging Strike
2-2: Foul Ball, location: 2F
2-2: Ground out 6-3 (Groundball, 6)
Batting: LHB Doyle Otterburn 0-0: Ground out U3 (Groundball, 34S)
Rubén Calderón to third
Batting: RHB Morgan Gibbon 0-0: Swinging Strike
0-1: Ground out 5-3 (Groundball, 5)
Top of the 2nd over - 0 run(s), 1 hit(s), 0 error(s), 1 left on base; So Cal 0 - Maui 0
BOTTOM OF THE 2ND
Maui Tropics batting - Pitching for So Cal Henvy : RHP Marty Burgess
Batting: LHB José Rivas 0-0: Called Strike
0-1: Ball
1-1: Ball
2-1: Foul Ball, location: 2F
2-2: Ground out 5-3 (Groundball, 56S)
Batting: RHB José Herrera 0-0: Fly out, F7 (Flyball, 7)
Batting: LHB Anacleto Morillo 0-0: Called Strike
0-1: Called Strike
0-2: Ball
1-2: Ball
2-2: Strikes out swinging
Bottom of the 2nd over - 0 run(s), 0 hit(s), 0 error(s), 0 left on base; So Cal 0 - Maui 0
TOP OF THE 3RD
So Cal Henvy batting - Pitching for Maui Tropics : RHP Steve Floyd
Batting: RHB Greg Handrahan 0-0: Swinging Strike
0-1: Foul Ball, location: 2F
0-2: Foul Ball, location: 2F
0-2: Ball
1-2: Strikes out swinging
Batting: SHB Miguel González 0-0: Called Strike
0-1: Fly out, F7 (Flyball, 7LDF)
Batting: LHB César Valentín 0-0: Foul Ball, location: 2F
0-1: Ball
1-1: Foul Ball, location: 2F
1-2: SINGLE (Groundball, 56D)
Batting: RHB Earl Wiggins 0-0: Ball
1-0: Ball
2-0: Called Strike
2-1: SINGLE (Line Drive, 9S)
César Valentín to second
Batting: LHB José Antonio Santiago 0-0: Ball
1-0: Ball
2-0: Called Strike
2-1: Ball
3-1: Fielders Choice at 2nd, 4-6 (Groundball, 4)
Top of the 3rd over - 0 run(s), 2 hit(s), 0 error(s), 1 left on base; So Cal 0 - Maui 0
BOTTOM OF THE 3RD
Maui Tropics batting - Pitching for So Cal Henvy : RHP Marty Burgess
Batting: RHB Ximena Campos 0-0: Foul Ball, location: 2F
0-1: Ball
1-1: Ball
2-1: Called Strike
2-2: Fly out, F9 (Flyball, 89S)
Batting: LHB Javier Espinoza 0-0: Ball
1-0: Ground out 3-1 (Groundball, 34)
Batting: LHB Mario Olivares 0-0: Called Strike
0-1: Ball
1-1: Ball
2-1: Swinging Strike
2-2: DOUBLE (Groundball, 3L)
Batting: RHB Matt Silver 0-0: Ball
1-0: Foul Ball, location: 2F
1-1: Ball
2-1: SINGLE (Groundball, 6MD)
Mario Olivares to third
Runner from 3rd tries for Home, SAFE, no throw
Batting: LHB Luis Antonio Torres 0-0: Ball
1-0: Called Strike
1-1: Ball
2-1: Ball
3-1: Swinging Strike
3-2: Strikes out looking
Bottom of the 3rd over - 1 run(s), 2 hit(s), 0 error(s), 1 left on base; So Cal 0 - Maui 1
TOP OF THE 4TH
So Cal Henvy batting - Pitching for Maui Tropics : RHP Steve Floyd
Batting: RHB Rubén Calderón 0-0: Called Strike
0-1: Ball
1-1: Ball
2-1: Ball
3-1: Base on Balls
Batting: RHB Lawrence Schroeder 0-0: Ball
1-0: Called Strike
1-1: Ground out 4-3 (Groundball, 4S)
Rubén Calderón to second
Batting: LHB Doyle Otterburn 0-0: Ball
1-0: Ball
2-0: Ball
3-0: Called Strike
3-1: Base on Balls
Batting: RHB Morgan Gibbon 0-0: Ball
1-0: Ball
2-0: Grounds into double play, 3-6-1 (Groundball, 34)
Top of the 4th over - 0 run(s), 0 hit(s), 0 error(s), 1 left on base; So Cal 0 - Maui 1
BOTTOM OF THE 4TH
Maui Tropics batting - Pitching for So Cal Henvy : RHP Marty Burgess
Batting: RHB Luis Alou 0-0: Ball
1-0: Ball
2-0: Called Strike
2-1: Foul Ball, location: 2F
2-2: Strikes out looking
Batting: LHB José Rivas 0-0: Foul Ball, location: 2F
0-1: Foul Ball, location: 2F
0-2: Foul Ball, location: 2F
0-2: Strikes out swinging
Batting: RHB José Herrera 0-0: Called Strike
0-1: Ground out 5-3 (Groundball, 56)
Bottom of the 4th over - 0 run(s), 0 hit(s), 0 error(s), 0 left on base; So Cal 0 - Maui 1
TOP OF THE 5TH
So Cal Henvy batting - Pitching for Maui Tropics : RHP Steve Floyd
Batting: RHB Greg Handrahan 0-0: Ground out 3-1 (Groundball, 34S)
Batting: SHB Miguel González 0-0: Foul Ball, location: 2F
0-1: Called Strike
0-2: Ball
1-2: SINGLE (Line Drive, 9S)
Batting: LHB César Valentín 0-0: Swinging Strike
0-1: Foul Ball, location: 2F
0-2: Foul Ball, location: 2F
0-2: Ball
1-2: Foul Ball, location: 2F
1-2: Fly out, F3 (Line Drive, 3L)
Lined into DP, U3 (Line Drive, 3L)
Top of the 5th over - 0 run(s), 1 hit(s), 0 error(s), 0 left on base; So Cal 0 - Maui 1
BOTTOM OF THE 5TH
Maui Tropics batting - Pitching for So Cal Henvy : RHP Marty Burgess
Batting: LHB Anacleto Morillo 0-0: Ball
1-0: Foul Ball, location: 2F
1-1: Ball
Error on foul ball, E5
2-2: Foul Ball, location: 2F
2-2: Fly out, F8 (Line Drive, 8LXD)
Batting: RHB Ximena Campos 0-0: Foul Ball, location: 2F
0-1: Called Strike
0-2: Fly out, F9 (Flyball, 9S)
Batting: LHB Javier Espinoza 0-0: Ball
1-0: Fly out, F8 (Flyball, 8LD)
Bottom of the 5th over - 0 run(s), 0 hit(s), 1 error(s), 0 left on base; So Cal 0 - Maui 1
TOP OF THE 6TH
So Cal Henvy batting - Pitching for Maui Tropics : RHP Steve Floyd
Batting: RHB Earl Wiggins 0-0: Ball
1-0: Called Strike
1-1: Called Strike
1-2: Ball
2-2: Foul Ball, location: 2F
2-2: Strikes out looking
Batting: LHB José Antonio Santiago 0-0: Called Strike
0-1: Ball
1-1: Foul Ball, location: 2F
1-2: Foul Ball, location: 2F
1-2: Strikes out swinging
Batting: RHB Rubén Calderón 0-0: Called Strike
0-1: Foul Ball, location: 2F
0-2: Ball
1-2: Foul Ball, location: 2F
1-2: Strikes out looking
Top of the 6th over - 0 run(s), 0 hit(s), 0 error(s), 0 left on base; So Cal 0 - Maui 1
BOTTOM OF THE 6TH
Maui Tropics batting - Pitching for So Cal Henvy : RHP Marty Burgess
Batting: LHB Mario Olivares 0-0: Foul Ball, location: 2F
0-1: Ball
1-1: Ground out 4-3 (Groundball, 4)
Batting: RHB Matt Silver 0-0: Ground out 5-3 (Groundball, 56S)
Batting: LHB Luis Antonio Torres 0-0: Ball
1-0: Swinging Strike
1-1: Ball
2-1: Foul Ball, location: 2F
2-2: Ball
3-2: Foul Ball, location: 2F
3-2: Fly out, F5 (Popup, 5D)
Bottom of the 6th over - 0 run(s), 0 hit(s), 0 error(s), 0 left on base; So Cal 0 - Maui 1
TOP OF THE 7TH
So Cal Henvy batting - Pitching for Maui Tropics : RHP Steve Floyd
Batting: RHB Lawrence Schroeder 0-0: Ground out 1-3 (Groundball, 13)
Batting: LHB Doyle Otterburn 0-0: Fly out, F8 (Flyball, 78S)
Batting: RHB Morgan Gibbon 0-0: Foul Ball, location: 2F
0-1: SOLO HOME RUN (Flyball, 7LD), Distance : 356 ft
Batting: RHB Greg Handrahan 0-0: Ball
1-0: Swinging Strike
1-1: Called Strike
1-2: Strikes out swinging
Top of the 7th over - 1 run(s), 1 hit(s), 0 error(s), 0 left on base; So Cal 1 - Maui 1
BOTTOM OF THE 7TH
Maui Tropics batting - Pitching for So Cal Henvy : RHP Marty Burgess
Batting: RHB Luis Alou 0-0: Fly out, F4 (Line Drive, 4M)
Batting: LHB José Rivas 0-0: Ball
1-0: Ball
2-0: Called Strike
2-1: Foul Ball, location: 2F
2-2: Ball
3-2: Foul Ball, location: 2F
3-2: Foul Ball, location: 2F
3-2: Foul Ball, location: 2F
3-2: Fly out, F8 (Flyball, 8LS)
Batting: RHB José Herrera 0-0: Swinging Strike
0-1: SINGLE (Line Drive, 56)
Batting: LHB Anacleto Morillo 0-0: Ball
1-0: Swinging Strike
1-1: DOUBLE (Line Drive, 78XD)
José Herrera to third
Runner from 3rd tries for Home, SAFE, no throw
Batting: RHB Ximena Campos 0-0: Called Strike
0-1: Called Strike
0-2: Foul Ball, location: 2F
0-2: Ball
1-2: Strikes out looking
Bottom of the 7th over - 1 run(s), 2 hit(s), 0 error(s), 1 left on base; So Cal 1 - Maui 2
TOP OF THE 8TH
So Cal Henvy batting - Pitching for Maui Tropics : RHP Steve Floyd
Pitching: RHP Ricardo Pérez
Now at 3B: Bo Vickers
Batting: SHB Miguel González 0-0: Called Strike
0-1: Called Strike
0-2: Strikes out swinging
Pitching: LHP Mark Stewart
Batting: LHB César Valentín 0-0: DOUBLE (Line Drive, 8RXD)
Pitching: RHP César Rúbio
Batting: RHB Earl Wiggins 0-0: Ball
1-0: Ball
2-0: Fly out, F4 (Popup, 4M)
Batting: LHB José Antonio Santiago 0-0: Called Strike
0-1: Ball
1-1: Ground out 4-3 (Groundball, 4M)
Top of the 8th over - 0 run(s), 1 hit(s), 0 error(s), 1 left on base; So Cal 1 - Maui 2
BOTTOM OF THE 8TH
Maui Tropics batting - Pitching for So Cal Henvy : RHP Marty Burgess
Pitching: RHP Masahiko Okada
Batting: LHB Javier Espinoza 0-0: Ball
1-0: SINGLE (Line Drive, 56)
Batting: LHB Mario Olivares 0-0: Ball
Wild Pitch!
Javier Espinoza to second
1-0: Ground out 4-3 (Groundball, 4S)
Javier Espinoza to third
Batting: RHB Matt Silver Squeeze bunt is on, Javier Espinoza is out
0-1: Ball
1-1: Foul Ball, location: 2F
1-2: Ground out 5-3 (Groundball, 56S)
Bottom of the 8th over - 0 run(s), 1 hit(s), 0 error(s), 0 left on base; So Cal 1 - Maui 2
TOP OF THE 9TH
So Cal Henvy batting - Pitching for Maui Tropics : RHP César Rúbio
Pitching: RHP John Burris
Batting: RHB Rubén Calderón 0-0: Called Strike
0-1: Called Strike
0-2: SINGLE (Groundball, 6MD)
Batting: RHB Lawrence Schroeder 0-0: Bunted foul
0-1: Sac Bunt - play at first, batter OUT! 1-4
Rubén Calderón to second
Batting: LHB Doyle Otterburn 0-0: Swinging Strike
0-1: Ball
1-1: Ball
2-1: Ball
3-1: Called Strike
3-2: Strikes out looking
Batting: RHB Morgan Gibbon 0-0: Foul Ball, location: 2F
0-1: Foul Ball, location: 2F
0-2: DOUBLE (Line Drive, 78M)
Rubén Calderón scores
Pinch Hitting: RHB William Richardson 0-0: Foul Ball, location: 2F
0-1: Ball
1-1: Foul Ball, location: 2F
1-2: Ball
2-2: Ball
3-2: Foul Ball, location: 2F
3-2: Base on Balls
Batting: SHB Miguel González 0-0: Called Strike
0-1: Foul Ball, location: 2F
0-2: Ball
1-2: Foul Ball, location: 2F
1-2: Foul Ball, location: 2F
1-2: Ball
2-2: Foul Ball, location: 2F
2-2: Ball
3-2: Foul Ball, location: 2F
3-2: SINGLE (Groundball, 6MD)
Morgan Gibbon to third
William Richardson to second
Morgan Gibbon scores
William Richardson to third
Pitching: RHP Brandon Mitchell
Batting: LHB César Valentín 0-0: Foul Ball, location: 2F
0-1: Swinging Strike
0-2: Ground out U3 (Groundball, 34)
Top of the 9th over - 2 run(s), 3 hit(s), 0 error(s), 2 left on base; So Cal 3 - Maui 2
BOTTOM OF THE 9TH
Maui Tropics batting - Pitching for So Cal Henvy : RHP Masahiko Okada
Pitching: RHP Jerry Good
Now at SS: Jonathan MacVey
Now in CF: Bryan Foster
Now in RF: William Richardson
Batting: LHB Luis Antonio Torres 0-0: Foul Ball, location: 2F
0-1: Swinging Strike
0-2: Ball
1-2: Ball
2-2: Strikes out swinging
Batting: RHB Luis Alou 0-0: Ball
1-0: Fly out, F7 (Flyball, 7LMF)
Batting: LHB José Rivas 0-0: Ball
1-0: Called Strike
1-1: Swinging Strike
1-2: Strikes out swinging
Bottom of the 9th over - 0 run(s), 0 hit(s), 0 error(s), 0 left on base; So Cal 3 - Maui 2
Thursday, March 30th, 2017 - OOTP Baseball 17.12 Build 75